 Dungeon Crawl Stone Soup version 0.28.0-47-ge53b351184 (webtiles) character file.

Game seed: 5595268494241457960

110 NinjaNoafa the Firebug (level 4, -3/33 HPs)
             Began as a Draconian Fire Elementalist on May 10, 2022.
             Slain by a gnoll
             ... wielding a +0 club
              (5 damage)
             ... on level 3 of the Dungeon.
             The game lasted 00:03:22 (2575 turns).

NinjaNoafa the Firebug (DrFE)                       Turns: 2575, Time: 00:03:23

Health: -3/33      AC:  5    Str: 10    XL:     4   Next: 61%
Magic:  0/7        EV: 12    Int: 24    God:
Gold:   102        SH:  0    Dex: 11    Spells: 6/7 levels left

rFire   . . .      SeeInvis .   b - +0 dagger
rCold   . . .      Faith    .   (no shield)
rNeg    . . .      Spirit   .   (armour unavailable)
rPois   .          Reflect  .   (helmet restricted)
rElec   .          Harm     .   (no cloak)
rCorr   .          Rampage  .   (no gloves)
Will    .....                   (no boots)
Stlth   ++........              (no amulet)
HPRegen 0.11/turn               d - +6 ring of intelligence
MPRegen 0.10/turn               (no ring)

@: no status effects
A: AC +5, unfitting armour, cold-blooded
a: no special abilities


You were on level 3 of the Dungeon.
You visited 1 branch of the dungeon, and saw 3 of its levels.

You collected 102 gold pieces.

Inventory:

Hand Weapons
 b - a +0 dagger (weapon)
Missiles
 a - 4 poisoned darts
 g - a throwing net
Jewellery
 d - a +6 ring of intelligence (left hand)
Scrolls
 h - 2 scrolls of blinking {unknown}
 i - a scroll of magic mapping {unknown}
 j - a scroll of identify {unknown}
 k - 3 scrolls of vulnerability {unknown}
 l - a scroll of holy word {unknown}
 n - 2 scrolls of torment {unknown}
Potions
 c - 2 potions of might {unknown}
 e - a potion of heal wounds {unknown}
 f - a potion of degeneration {unknown}
 m - a potion of brilliance {unknown}


   Skills:
 * Level 2.7 Dodging
 - Level 1.7 Stealth
 + Level 2.4 Spellcasting
 * Level 2.5 Conjurations
 * Level 3.8 Fire Magic


You had 6 spell levels left.
You knew the following spells:

 Your Spells              Type           Power      Damage    Failure   Level
a - Foxfire               Conj/Fire      72%        2x1d7     3%          1

Your spell library contained the following spells:

 Spells                   Type           Power      Damage    Failure   Level
 Scorch                   Fire           42%        2d7       3%          2
 Magic Dart               Conj           60%        1d6       4%          1
 Conjure Flame            Conj/Fire      18%        6-21      10%         3
 Animate Skeleton         Necr           4%         N/A       12%         1
 Pain                     Necr           8%         1d4       12%         1
 Inner Flame              Hex/Fire       12%        N/A       16%         3
 Call Imp                 Summ           2%         N/A       17%         2
 Mephitic Cloud           Conj/Pois/Air  6%         N/A       24%         3
 Flame Wave               Conj/Fire      18%        2d6       30%         4
 Vampiric Draining        Necr           2%         2d6       34%         3


Dungeon Overview and Level Annotations

Branches:
Dungeon (3/15)

Altars:


Innate Abilities, Weirdness & Mutations

Your plain brown scales are hard. (AC +5)
You cannot fit into any form of body armour.
You are cold-blooded and may be slowed by cold attacks.


Message History

Unknown command.
The foxfire hits the gnoll.
The gnoll is lightly wounded.
The foxfire hits the gnoll but does no damage.
The gnoll is lightly wounded.
The foxfire hits the gnoll.
The gnoll is moderately wounded.
The gnoll barely misses you.
Casting: Foxfire (safe; 3% risk of failure)
Confirm with . or Enter, or press ? or * to list all spells.
You conjure some foxfire!
The gnoll barely misses you. The gnoll hits you with a +0 club.
The foxfire hits the gnoll.
The gnoll is heavily wounded.
The foxfire hits the gnoll.
The gnoll is severely wounded.
The gnoll closely misses you.
You are too injured to fight recklessly!
You are too injured to fight recklessly!
Casting: Foxfire (safe; 3% risk of failure)
Confirm with . or Enter, or press ? or * to list all spells.
You conjure some foxfire!
The gnoll hits you with a +0 flail.
Casting: Foxfire (safe; 3% risk of failure)
Confirm with . or Enter, or press ? or * to list all spells.
You conjure some foxfire!
The foxfire hits the gnoll.
The gnoll is severely wounded.
The foxfire hits the gnoll.
You kill the gnoll!
The foxfire hits the gnoll.
The gnoll is moderately wounded.
The foxfire hits the gnoll!
The gnoll is severely wounded.
The gnoll hits you with a +0 club.
* * * LOW HITPOINT WARNING * * *
The gnoll hits you with a +0 club.
* * * LOW HITPOINT WARNING * * *
Casting: Foxfire (safe; 3% risk of failure)
Confirm with . or Enter, or press ? or * to list all spells.
You conjure some foxfire!
The gnoll hits you with a +0 club.
You die...

#.#####.#
#.# #.# #.#
#.. ####.#
##. #....#
#. ###.####
#.
######...###
#.
#..v.))....#
#.
#<@g.......#
#..
#..v.......#
#...
############
#.#. #.#. #
#. .. ..


You could see a gnoll (ally target).

Vanquished Creatures
  3 gnolls (D:3)
  4 adders
  A worm (D:3)
  3 endoplasms
  3 giant cockroaches
  6 goblins
  7 hobgoblins (D:2)
  2 jackals (D:2)
  2 kobolds
  2 quokkas
  2 ball pythons
  4 bats
  A frilled lizard (D:1)
  A rat (D:1)
41 creatures vanquished.

Vanquished Creatures (others)
  150 foxfires
150 creatures vanquished.

Grand Total: 191 creatures vanquished

Notes
Turn   | Place    | Note
-------+----------+-------------------------------------------
     0 | D:1      | NinjaNoafa the Draconian Fire Elementalist began the quest
                  | for the Orb.
     0 | D:1      | Reached XP level 1. HP: 14/14 MP: 3/3
   434 | D:1      | Reached XP level 2. HP: 20/20 MP: 1/5
  1144 | D:2      | Reached XP level 3. HP: 26/26 MP: 3/6
  2130 | D:3      | Reached XP level 4. HP: 33/33 MP: 5/7
  2575 | D:3      | Slain by a gnoll

Illustrated notes

Levels and vault maps discovered:
D:1:      dpeg_arrival_windows_large_door, layout_basic
D:2:      cheibrodos_greedy_goblins, layout_basic
D:3:      layout_rooms, lemuel_doored_altar

Skill      XL: |  1  2  3 |
---------------+----------+-----
Dodging        | 2 |  2.7
Conjurations   | 2 |  2.5
Stealth        | |  1.7
Spellcasting   | |  2.4
Fire Magic     | |  3.8

Action                   |  1- 3 |  4- 6 || total
-------------------------+-------+-------++-------
Melee: Dagger            |    17 |     9 ||    26
       Tailslap          |     1 |     1 ||     2
       Unarmed           |     1 |       ||     1
 Cast: Foxfire           |    72 |    24 ||    96
Armor: Skin              |     6 |     9 ||    15
Dodge: Dodged            |    32 |    27 ||    59
